 Dungeon Crawl Stone Soup version 0.27.1 (webtiles) character file.

Game seed: 17037896322223460747

1039 nicksoapdish the Changer (level 8, -2/51 HPs)
             Began as an Octopode Transmuter on Aug 21, 2021.
             Was an Initiate of Dithmenos.
             Slain by Pikel (12 damage)
             ... on level 5 of the Dungeon.
             The game lasted 00:10:37 (5063 turns).

nicksoapdish the Changer (Octopode Transmuter)      Turns: 5063, Time: 00:10:37

Health: -2/51      AC:  1    Str:  9    XL:     8   Next: 24%
Magic:  12/13      EV: 13    Int: 17    God:    Dithmenos [......]
Gold:   204        SH:  0    Dex: 13    Spells: 4/14 levels left

rFire    . . .     SeeInvis .     - Unarmed
rCold    . . .     Faith    .   (no shield)
rNeg     . . .     Spirit   .   (helmet currently unavailable)
rPois    .         Reflect  .   f - amulet of the acrobat
rElec    .         Harm     .   (no ring)
rCorr    .         Rampage  .   (no ring)
Will     .....                  (no ring)
Stlth    ++++......             (no ring)
HPRegen  0.17/turn              (no ring)
MPRegen  0.13/turn              (no ring)
                                (no ring)
                                (no ring)

@: appendages, wereblooded
A: tentacle spike 3, almost no armour, amphibious, 8 rings, camouflage 1,
gelatinous body 1, (nimble swimmer 1), tentacles
a: End Transformation, Renounce Religion


You were on level 5 of the Dungeon.
You worshipped Dithmenos.
Dithmenos was noncommittal.
One of your tentacles had grown a beastly spike.
You visited 2 branches of the dungeon, and saw 6 of its levels.

You collected 204 gold pieces.

Inventory:

Missiles
 j - 16 poisoned darts
Magical Staves
 a - a staff of conjuration
Jewellery
 f - an amulet of the acrobat (around mantle)
Scrolls
 b - a scroll of enchant armour
 d - a scroll of fog {unknown}
 i - a scroll of silence {unknown}
 l - a scroll of holy word {unknown}
 m - a scroll of fear {unknown}
 o - a scroll of immolation
 p - a scroll of enchant weapon {unknown}
Potions
 c - a potion of heal wounds
 e - a potion of cancellation
 g - a potion of mutation
 h - a potion of curing
 k - a potion of brilliance {unknown}
 n - a potion of resistance {unknown}


   Skills:
 * Level 2.3 Fighting
 - Level 2.0 Dodging
 * Level 5.1 Stealth
 + Level 4.9 Unarmed Combat
 + Level 3.8 Spellcasting
 * Level 5.4 Transmutations
 * Level 2.0 Ice Magic
 * Level 2.6 Poison Magic


You had 4 spell levels left.
You knew the following spells:

 Your Spells              Type           Power      Damage    Failure   Level
a - Beastly Appendage     Tmut           42%        N/A       1%          1
b - Wereblood             Tmut           21%        N/A       2%          2
c - Spider Form           Tmut/Pois      8%         N/A       9%          3
d - Ice Form              Ice/Tmut       16%        N/A       34%         4

Your spell library contained the following spells:

 Spells                   Type           Power      Damage    Failure   Level


Dungeon Overview and Level Annotations

Branches:
Dungeon (5/15)             Temple (1/1) D:5

Altars:
Dithmenos
Gozag
Hepliaklqana
Kikubaaqudgha
Ru
Sif Muna
Trog
Yredelemnul

Shops:
D:1 *?*

Annotations:
D:5 Pikel


Innate Abilities, Weirdness & Mutations

One of your tentacles has grown a beastly spike.
You cannot wear most types of armour.
You are amphibious.
You can wear up to eight rings at the same time.
Your skin changes colour to match your surroundings (Stealth+).
Your rubbery body absorbs attacks. (AC +1, EV +1)
((You are camouflaged near water. (Stealth+)))
You have tentacles for arms and can constrict up to eight enemies at once.


Message History

The orc shouts!
You tentacle-slap the lemure but do no damage.
You grab the lemure.
You pierce the lemure, but do no damage.
You constrict the lemure. The lemure hits you.
You tentacle-slap the lemure.
You pierce the lemure.
The lemure is moderately wounded.
You constrict the lemure. The lemure hits you.
You tentacle-slap the lemure.
The lemure is heavily wounded.
You constrict the lemure, but do no damage.
The lemure hits you.
You tentacle-slap the lemure.
The lemure is heavily wounded.
You constrict the lemure, but do no damage.
The lemure hits you!
You tentacle-slap the lemure but do no damage.
The lemure is heavily wounded.
You constrict the lemure, but do no damage.
You tentacle-slap the lemure.
The lemure is severely wounded.
You constrict the lemure. The lemure barely misses you.
You tentacle-slap the lemure.
You pierce the lemure, but do no damage.
The lemure is almost dead.
You constrict the lemure, but do no damage.
The lemure hits you.
You tentacle-slap the lemure but do no damage.
You pierce the lemure.
You kill the lemure!
That felt strangely unrewarding.
Pikel hits you with a +1 whip of flaming!
Pikel burns you.
* * * LOW HITPOINT WARNING * * *
Pikel completely misses you.
You closely miss Pikel. You grab Pikel. You constrict Pikel, but do no damage.
The lemure closely misses you. The orc hits you with a +0 club.
* * * LOW HITPOINT WARNING * * *
Pikel hits you with a +1 whip of flaming!
You die...

.#..###....#..#
#...#...#
.#..##..#.###.###.###
## .#..#.##..###.....#
.....##...##...####
.##.##....##...###
....###.>..#...#..
.##.###.....#.##.#
.....#...##...##.#
.#......####..##@####.#
.######..####.5oK5....#
.# ##....#..#5###### .#
#.#...#.#.#
.#######.###......
.........# ##......
#######..# #.......
#..# #........
#..####.......##


You could see Pikel, 3 lemures and an orc.

Vanquished Creatures
  Sigmund (D:3)
  The ghost of SkeletonJelly the Slasher, an amateur DrMo of Gozag (D:4)
  A necrophage (D:5)
  2 black bears (D:4)
  A lemure (D:5)
  A scorpion (D:4)
  2 centaur zombies (D:5)
  A hound (D:4)
  An orc priest (D:4)
  2 iguanas (D:4)
  Natasha (thrice) (D:4)
  2 orc wizards (D:4)
  4 adders
  3 worms (D:3)
  3 dart slugs
  8 orcs
  5 endoplasms
  A giant cockroach (D:2)
  5 goblins
  3 hobgoblins
  2 jackals (D:1)
  3 quokkas
  11 ball pythons
  6 bats
  4 frilled lizards
  6 kobolds
  4 rats
86 creatures vanquished.

Notes
Turn   | Place    | Note
-------+----------+-------------------------------------------
     0 | D:1      | nicksoapdish the Octopode Transmuter began the quest for
                  | the Orb.
     0 | D:1      | Reached XP level 1. HP: 13/13 MP: 3/3
    30 | D:1      | Found a faded altar of an unknown god.
    72 | D:1      | Reached XP level 2. HP: 15/18 MP: 1/5
   127 | D:1      | Learned a level 2 spell: Wereblood
   147 | D:1      | Found Luiguz's Magic Scroll Emporium.
   412 | D:1      | Found Peca's General Store.
   542 | D:1      | Reached skill level 1 in Stealth
   591 | D:1      | Found Yvvoxagu's Assorted Antiques.
  1262 | D:2      | Reached XP level 3. HP: 23/23 MP: 3/6
  1367 | D:2      | Learned a level 3 spell: Spider Form
  1874 | D:3      | Noticed Sigmund
  1886 | D:3      | Killed Sigmund
  1887 | D:3      | Reached XP level 4. HP: 23/28 MP: 4/8
  1887 | D:3      | Reached XP level 5. HP: 27/33 MP: 4/9
  2070 | D:3      | Found a basalt altar of Yredelemnul.
  2076 | D:3      | Found a bloodstained altar of Trog.
  2199 | D:3      | Reached XP level 6. HP: 25/38 MP: 7/10
  2806 | D:3      | Found a shimmering blue altar of Sif Muna.
  2875 | D:4      | Learned a level 4 spell: Ice Form
  2892 | D:4      | Found a sacrificial altar of Ru.
  2949 | D:4      | Noticed a black bear
  2960 | D:4      | Killed a black bear
  3422 | D:4      | Reached skill level 1 in Poison Magic
  3422 | D:4      | Reached XP level 7. HP: 43/43 MP: 4/11
  3499 | D:4      | Noticed Natasha
  3501 | D:4      | Killed Natasha
  3502 | D:4      | Reached skill level 1 in Ice Magic
  3791 | D:4      | Noticed Natasha
  3797 | D:4      | Killed Natasha
  3922 | D:4      | Found a runed translucent door.
  3927 | D:4      | Noticed SkeletonJelly's ghost (amateur DrMo)
  3953 | D:4      | Killed SkeletonJelly's ghost
  3954 | D:4      | Reached skill level 5 in Transmutations
  3959 | D:4      | Noticed Natasha
  3966 | D:4      | HP: 2/45 [Natasha/magic dart (9)]
  3967 | D:4      | Killed Natasha
  4366 | D:4      | Reached XP level 8. HP: 10/50 MP: 13/13
  4715 | D:5      | Entered Level 5 of the Dungeon
  4792 | D:5      | Reached skill level 5 in Stealth
  4970 | D:5      | Found a staircase to the Ecumenical Temple.
  4976 | Temple   | Entered the Ecumenical Temple
  4984 | Temple   | Became a worshipper of Dithmenos the Shadowed
  5051 | D:5      | Noticed Pikel
  5063 | D:5      | Slain by Pikel

Illustrated notes

Levels and vault maps discovered:
D:1:      minmay_arrival_checkered_box, layout_loops_ring,
          dreamdust_ecumenical_altar_angels_and_demons, serial_shops,
          shop_fountains, shop, nicolae_shop_trees, corexii_hall_statues_i,
          serial_bayou_crossing
D:2:      layout_loops_cross
D:3:      layout_loops_ring, nicolae_overflow_crystal_walls,
          nicolae_overflow_hidden_temple, yredelemnul_altar_generic,
          uniq_sigmund
D:4:      layout_loops_ring, mainiacjoe_overflow_catwalk,
          ebering_ghost_reflecting_pool, uniq_natasha
D:5:      layout_loops_ring, elyvilon_altar_3, mainiacjoe_overflow_alcove_1,
          minmay_temple_entry_wispy, serial_shops, nicolae_lakefront_shop,
          uniq_pikel
Temple:   eino_wide_crystal_templ

Skill      XL: |  1  2  3  4  5  6  7  8 |
---------------+-------------------------+-----
Stealth        | 1 3 4 5 |  5.1
Transmutations | 4 5 |  5.4
Unarmed Combat | 4 |  4.9
Spellcasting   | 3 |  3.8
Poison Magic   | 1 2 |  2.6
Ice Magic      | 1 2 |  2.0
Fighting       | 2 |  2.3
Dodging        | |  2.0

Action                   |  1- 3 |  4- 6 |  7- 9 || total
-------------------------+-------+-------+-------++-------
Melee: Unarmed           |    58 |    74 |    78 ||   210
       Tentacles         |     8 |    10 |    15 ||    33
       Constrict         |     8 |    24 |     9 ||    41
       Kick              |     6 |    22 |    19 ||    47
       Punch             |     3 |     2 |     2 ||     7
       Staff             |       |       |    19 ||    19
 Cast: Beastly Appendage |    24 |    14 |     9 ||    47
       Wereblood         |     5 |    10 |     7 ||    22
       Spider Form       |       |     1 |     3 ||     4
  Use: Scroll            |     3 |     2 |     1 ||     6
       Potion            |       |       |     2 ||     2
 Stab: Sleeping          |     4 |     2 |       ||     6
Armor: Skin              |    10 |     4 |     9 ||    23
Dodge: Dodged            |    43 |    39 |    75 ||   157
